AoeStats
← Cobos SANTOS (Cabo)

Arabia

509699464Analyzed
1v1 RM · 5d ago on Sep 27, 2026· 40m 51s· 2 players
Game mode
Random Map
Map size
Tiny (2 player)
Population
200
Speed
Normal
Resources
Standard
Victory
Conquest
Starting age
Dark Age
Ending age
Imperial Age
RankedLock teamsTeams togetherTeam positionsShared explorationLock speedFull tech treeHidden civsTurbo modeCheats
Victory
Defeat
🇲🇽 Ethiopians · Mexico
1289
+15
🇲🇽 Japanese · Mexico
1264
-15
Cobos SANTOS (Cabo)
7:43 Loom
9:57 Feudal Age
10:10 Man-at-Arms
11:48 Double-Bit Axe
14:09 Horse Collar
15:05 Fletching
16:50 Padded Archer Armor
19:49 Wheelbarrow
22:58 Castle Age
21:25 Gold Mining
22:42 Bloodlines
23:41 Bodkin Arrow
23:56 Thumb Ring
24:03 Bow Saw
24:37 Heavy Plow
24:46 Husbandry
27:27 Ballistics
27:53 Leather Archer Armor
28:22 Gold Shaft Mining
28:20 Elite Skirmisher
30:25 Light Cavalry
41:53 Imperial Age
41:00 Scale Barding Armor
davidagh2001
6:31 Loom
6:53 Loom
9:00 Feudal Age
14:20 Double-Bit Axe
14:20 Horse Collar
21:41 Castle Age
20:37 Fletching
22:19 Bodkin Arrow
22:44 Thumb Ring
23:00 Padded Archer Armor
23:11 Crossbowman
25:29 Ballistics
29:26 Bow Saw
32:01 Thumb Ring
32:50 Wheelbarrow
32:03 Town Watch
32:55 Heavy Plow
34:54 Leather Archer Armor
39:13 Imperial Age
36:54 Gold Mining
40:06 Bracer
39:37 Arbalester
41:41 Chemistry
41:44 Ring Archer Armor
41:19 Scale Barding Armor
Connection lost

Rejoining the realm…

Still unreachable

The connection could not be restored.

Session expired

The server has moved on; the page needs a fresh start.